AoeStats
← felip3.diaz

Black Forest

510432668Analyzed
2v2 RM · 1d ago on Oct 1, 2026· 41m 32s· 4 players
Game mode
Random Map
Map size
Medium (4 player)
Population
200
Speed
Normal
Resources
Standard
Victory
Conquest
Starting age
Dark Age
Ending age
Imperial Age
RankedLock teamsTeams togetherTeam positionsShared explorationLock speedFull tech treeHidden civsTurbo modeCheats
Victory
Defeat
🇨🇴 Khmer · Colombia
978
+15
🇨🇴 Bohemians · Colombia
969
+16
🇦🇷 Bulgarians · Argentina
974
-16
🇦🇷 Khmer · Argentina
957
-44
^PenXpro_iWnL_^
0:58 Loom
16:45 Feudal Age
17:36 Double-Bit Axe
20:47 Castle Age
19:27 Horse Collar
22:23 Bow Saw
27:25 Heavy Plow
27:53 Forging
27:48 Scale Barding Armor
27:44 Scale Mail Armor
30:49 Stone Mining
30:49 Gold Mining
30:56 Gold Mining
34:25 Imperial Age
33:14 Wheelbarrow
34:00 Gold Shaft Mining
34:39 Iron Casting
33:56 Fletching
35:34 Chain Barding Armor
35:29 Chain Mail Armor
36:15 Blast Furnace
35:53 Crop Rotation
35:42 Hand Cart
37:26 Conscription
37:03 Stirrups
37:15 Elite Konnik
jonafaca
15:19 Feudal Age
22:29 Castle Age
21:59 Double-Bit Axe
22:08 Gold Mining
22:02 Horse Collar
24:23 Husbandry
24:34 Bloodlines
26:56 Bow Saw
27:59 Scale Barding Armor
34:10 Imperial Age
32:12 Forging
32:48 Scale Mail Armor
35:26 Wheelbarrow
35:26 Double Crossbow
37:13 Conscription
38:32 Elite Battle Elephant
40:14 Elite Ballista Elephant
felip3.diaz
1:03 Loom
14:30 Feudal Age
18:45 Castle Age
16:36 Double-Bit Axe
18:51 Horse Collar
27:05 Wagenburg Tactics
29:15 Caravan
31:04 Ballistics
34:27 Imperial Age
33:30 Wheelbarrow
34:01 Chemistry
32:54 Town Watch
33:26 Bow Saw
33:19 Heavy Plow
35:16 Hand Cart
35:37 Conscription
36:36 Siege Engineers
36:48 Elite Hussite Wagon
36:54 Onager
37:01 Pikeman
37:43 Squires
37:34 Halberdier
juandaosp12
1:18 Loom
10:59 Feudal Age
12:31 Feudal Age
15:49 Castle Age
14:19 Horse Collar
14:25 Double-Bit Axe
16:35 Wheelbarrow
17:04 Gold Mining
18:30 Bow Saw
22:34 Heavy Plow
24:31 Stone Mining
25:18 Gold Shaft Mining
25:36 Hand Cart
28:59 Imperial Age
29:52 Bloodlines
29:43 Husbandry
29:48 Town Watch
30:02 Elite Ballista Elephant
34:35 Chemistry
33:47 Scale Barding Armor
33:55 Forging
33:38 Fletching
34:33 Stone Shaft Mining
34:24 Elite Battle Elephant
35:27 Double Crossbow
36:24 Ballistics
36:15 Masonry
36:21 Caravan
39:06 Chain Barding Armor
39:21 Iron Casting
38:42 Bodkin Arrow
41:42 Tusk Swords
42:21 Plate Barding Armor
Connection lost

Rejoining the realm…

Still unreachable

The connection could not be restored.

Session expired

The server has moved on; the page needs a fresh start.